 Dungeon Crawl Stone Soup version 0.20-a0-792-g09bcfd3 (webtiles) character file.

119 DakAttack the Shooter (level 4, -2/37 HPs)
             Began as a Centaur Hunter on Mar 2, 2017.
             Slain by DakAttack's ghost (3 damage)
             ... on level 4 of the Dungeon.
             The game lasted 00:06:03 (2943 turns).

DakAttack the Shooter (Centaur Hunter)              Turns: 2943, Time: 00:06:05

Health: -2/37      AC:  8    Str: 15    XL:     4   Next: 73%
Magic:  13/13      EV:  4    Int: 10    God:
Gold:   132        SH:  0    Dex: 10    Spells: 3/3 levels left

rFire    . . .     SeeInvis .   n - +0 long sword
rCold    . . .     Gourm    +   q - +0 chain mail (curse)
rNeg     . . .     Faith    .   (no shield)
rPois    .         Spirit   .   (no helmet)
rElec    .         Reflect  .   p - +0 cloak
rCorr    .         Harm     .   (no gloves)
MR       .....                  (no barding)
Stlth    ..........             s - amulet of the gourmand
Regen    0.2/turn               o - ring of magical power
MPRegen  0.2/turn               m - ring of wizardry

@: very quick
A: hooves 3, deformed body, speed 2, tough skin 3
a: no special abilities


You were on level 4 of the Dungeon.
You were not hungry.

You visited 1 branch of the dungeon, and saw 4 of its levels.

You collected 132 gold pieces.

Inventory:

Hand Weapons
 a - a +1 shortbow
 b - a +0 short sword
 n - a +0 long sword (weapon)
Missiles
 d - an arrow
Armour
 c - a +1 leather armour
 p - a +0 cloak (worn)
 q - a cursed +0 chain mail (worn)
Jewellery
 m - a ring of wizardry (left hand)
 o - a ring of magical power (right hand)
 s - an amulet of the gourmand (around neck)
Scrolls
 k - 2 scrolls of identify
 l - 5 scrolls of remove curse
Potions
 h - a potion of mutation
 j - a potion of degeneration {unknown}
 r - a potion of heal wounds {unknown}
Comestibles
 f - 3 bread rations
 g - 3 meat rations


   Skills:
 + Level 2.9 Fighting
 * Level 6.2 Bows
 + Level 0.4 Armour
 * Level 2.1 Dodging
 + Level 1.2 Stealth


You had 3 spell levels left.
You didn't know any spells.

Dungeon Overview and Level Annotations

Branches:
Dungeon (4/15)
 Temple: D:4-7

Altars:
Kikubaaqudgha
Ru
Sif Muna

Annotations:
D:4 DakAttack's ghost, novice SpAs


Innate Abilities, Weirdness & Mutations

You have hooves in place of feet.
Armour fits poorly on your strangely shaped body.
You cover ground very quickly.
You have extremely tough skin. (AC +3)


Message History

DakAttack's ghost is severely damaged.
DakAttack's ghost hits you but does no damage. x2
You miss DakAttack's ghost. Your kick misses DakAttack's ghost.
DakAttack's ghost is severely damaged.
DakAttack's ghost hits you but does no damage.
You miss DakAttack's ghost. Your kick misses DakAttack's ghost.
DakAttack's ghost is severely damaged.
DakAttack's ghost hits you but does no damage. x2
You barely miss DakAttack's ghost.
DakAttack's ghost is severely damaged.
DakAttack's ghost hits you but does no damage.
You closely miss DakAttack's ghost.
DakAttack's ghost is severely damaged.
DakAttack's ghost barely misses you.
You miss DakAttack's ghost. Your kick misses DakAttack's ghost.
DakAttack's ghost is severely damaged.
DakAttack's ghost hits you.
* * * LOW HITPOINT WARNING * * *
DakAttack's ghost hits you.
You die...

####### #.(...#
#..W..# #...@.#
#.....# #.....# ####
#.....# ..>..
#.....## ......
###......####......
#........##... (..(
..........##.# ...(.
....#####....#......


You could see DakAttack's ghost.

Vanquished Creatures
  A worker ant (D:3)
  2 adders (D:3)
  An ooze (D:2)
  A worm (D:3)
  2 dart slugs
  4 leopard geckos
  2 orcs (D:3)
  2 ball pythons
  4 giant cockroaches
  9 hobgoblins
  5 kobolds
  7 bats
  4 frilled lizards
  7 goblins
  6 rats
57 creatures vanquished.

Notes
Turn   | Place    | Note
-------+----------+-------------------------------------------
     0 | D:1      | DakAttack the Centaur Hunter began the quest for the Orb.
     0 | D:1      | Reached XP level 1. HP: 17/17 MP: 1/1
   222 | D:1      | Reached XP level 2. HP: 24/24 MP: 2/2
   553 | D:1      | Reached skill level 1 in Stealth
   849 | D:2      | Reached XP level 3. HP: 30/30 MP: 3/3
   855 | D:2      | Found a deep blue altar of Sif Muna.
  1120 | D:2      | Found an ancient bone altar of Kikubaaqudgha.
  1344 | D:3      | Reached XP level 4. HP: 16/37 MP: 4/4
  1824 | D:3      | Reached skill level 6 in Bows
  2392 | D:3      | Found a sacrificial altar of Ru.
  2484 | D:4      | Noticed DakAttack's ghost (novice SpAs)
  2943 | D:4      | HP: 1/37 [DakAttack's ghost (4)]
  2943 | D:4      | Slain by DakAttack's ghost

Vault maps used:
D:1:      lemuel_arrival_behind_the_door_small, minmay_misc_feat_iff
D:2:      lemuel_crystal_altar, overflow_temple_1_default, first_bread,
          serial_bayou_pond_c
D:3:      nicolae_ru_path_of_blood, minmay_fountain_box
D:4:      old_standard_altar, cheibriados_altar_1, minmay_temple_entry_glass,
          uniq_crazy_yiuf_cottage

Skill      XL: |  1  2  3  4 |
---------------+-------------+-----
Stealth        | 1 |  1.2
Dodging        | 2 |  2.1
Bows           | 6 |  6.2
Fighting       | |  2.9
Armour         | |  0.4

Action                   |  1- 3 |  4- 6 || total
-------------------------+-------+-------++-------
Melee: Long sword        |       |   107 ||   107
       Kick              |       |     2 ||     2
 Fire: Shortbow          |    87 |   139 ||   226
  Use: Scroll            |     7 |     1 ||     8
       Potion            |       |     4 ||     4
  Eat: Chunk             |       |     2 ||     2
       Bread ration      |       |     1 ||     1
Armor: Leather armour    |    13 |    14 ||    27
       Chain mail        |       |   144 ||   144
Dodge: Dodged            |    10 |    42 ||    52
       Rpst.: Long sword |       |     5 ||     5
